AoeStats
← tHeDesiRe

Arena

510978339Analyzed
3v3 RM · 5h ago on Oct 3, 2026· 53m 44s· 6 players
Game mode
Random Map
Map size
Normal (6 player)
Population
200
Speed
Normal
Resources
Standard
Victory
Conquest
Starting age
Dark Age
Ending age
Imperial Age
RankedLock teamsTeams togetherTeam positionsShared explorationLock speedFull tech treeHidden civsTurbo modeCheats
Victory
Defeat
🇩🇪 Khmer · Germany
1246
+13
🇩🇪 Spanish · Germany
1237
+13
🇺🇸 Byzantines · United States
1084
+37
🇫🇷 Vietnamese · France
1211
-17
🇪🇸 Berbers · Spain
1164
-15
🇷🇺 Bohemians · Russia
1151
-14
Tog Rulgay
12:01 Feudal Age
12:27 Loom
13:24 Double-Bit Axe
16:39 Castle Age
15:28 Horse Collar
17:56 Bow Saw
20:32 Fervor
22:51 Wheelbarrow
24:44 Heavy Plow
25:06 Fletching
25:26 Forging
25:55 Hand Cart
28:01 Ballistics
28:42 Chemistry
27:53 Masonry
27:41 Murder Holes
31:32 Imperial Age
30:23 Fortified Wall
30:40 Town Watch
31:39 Bodkin Arrow
32:18 Hussite Reforms
32:35 Conscription
32:06 Elite Hussite Wagon
32:49 Bracer
33:44 Town Patrol
34:08 Padded Archer Armor
34:18 Siege Engineers
34:44 Architecture
35:54 Two-Man Saw
35:16 Houfnice
39:17 Bombard Tower
LUZrapa
11:56 Feudal Age
12:35 Loom
12:37 Horse Collar
12:44 Double-Bit Axe
16:04 Castle Age
15:46 Bloodlines
15:46 Scale Barding Armor
15:39 Gold Mining
16:47 Forging
21:38 Town Watch
27:29 Wheelbarrow
27:17 Bow Saw
28:15 Husbandry
33:56 Imperial Age
37:41 Chemistry
38:33 Iron Casting
38:19 Chain Barding Armor
38:33 Light Cavalry
41:12 Blast Furnace
40:38 Stone Mining
40:26 Light Cavalry
41:44 Gold Shaft Mining
40:59 Treadmill Crane
41:30 Masonry
41:41 Ballistics
41:21 Hussar
42:43 Plate Barding Armor
42:33 Hand Cart
42:50 Heavy Plow
43:52 Conscription
45:05 Fletching
46:53 Maghrebi Camels
49:03 Crop Rotation
48:34 Heavy Camel Rider
50:54 Maghrebi Camels
Malouda
10:17 Feudal Age
11:12 Loom
12:09 Loom
14:52 Castle Age
13:22 Double-Bit Axe
13:28 Horse Collar
26:44 Fletching
35:07 Imperial Age
33:17 Wheelbarrow
33:32 Elite Skirmisher
36:52 Chemistry
36:12 Ballistics
35:26 Imperial Skirmisher
39:26 Gold Mining
40:05 Bodkin Arrow
40:11 Padded Archer Armor
40:28 Siege Engineers
41:29 Bracer
46:07 Bow Saw
47:40 Leather Archer Armor
48:42 Two-Man Saw
50:51 Scale Mail Armor
51:01 Forging
50:57 Pikeman
51:39 Squires
52:10 Chain Mail Armor
52:34 Halberdier
Canned Banana
7:54 Loom
10:01 Feudal Age
10:38 Double-Bit Axe
10:35 Horse Collar
14:57 Fletching
15:47 Wheelbarrow
20:10 Castle Age
20:08 Gold Mining
21:08 Bow Saw
21:02 Heavy Plow
21:48 Hand Cart
23:28 Bodkin Arrow
26:27 Stone Mining
27:16 Gold Shaft Mining
27:29 Scale Barding Armor
27:39 Forging
27:33 Husbandry
27:30 Treadmill Crane
29:01 Chain Barding Armor
30:52 Iron Casting
35:14 Imperial Age
33:07 Ballistics
35:20 Capped Ram
35:23 Cavalier
36:41 Plate Barding Armor
36:43 Murder Holes
37:28 Onager
40:36 Chemistry
40:35 Paladin
43:27 Siege Ram
46:48 Two-Man Saw
46:21 Crop Rotation
48:14 Bracer
50:47 Elite Cataphract
51:38 Logistica
tHeDesiRe
9:54 Feudal Age
13:31 Castle Age
11:24 Double-Bit Axe
12:35 Horse Collar
13:35 Bloodlines
19:50 Fervor
20:57 Loom
21:53 Wheelbarrow
21:04 Town Watch
21:39 Gold Mining
22:53 Stone Mining
24:10 Bow Saw
24:31 Heavy Plow
25:54 Stone Shaft Mining
29:20 Imperial Age
27:35 Hand Cart
28:32 Gold Shaft Mining
28:35 Scale Barding Armor
28:21 Fletching
28:24 Light Cavalry
29:04 Husbandry
29:46 Town Patrol
30:23 Conscription
30:40 Chain Barding Armor
31:16 Bodkin Arrow
32:02 Crop Rotation
32:18 Double Crossbow
33:00 Bracer
33:36 Plate Barding Armor
33:57 Forging
34:15 Masonry
35:34 Ballistics
36:16 Chemistry
35:23 Padded Archer Armor
36:46 Hoardings
36:02 Hussar
37:45 Iron Casting
40:09 Blast Furnace
39:25 Leather Archer Armor
38:46 Elite Ballista Elephant
41:18 Architecture
40:56 Siege Engineers
41:47 Elite Battle Elephant
42:35 Tusk Swords
43:31 Ring Archer Armor
47:36 Coinage
Akida
10:30 Feudal Age
10:06 Loom
14:57 Castle Age
13:11 Double-Bit Axe
13:38 Horse Collar
15:43 Heavy Plow
21:03 Husbandry
21:13 Bloodlines
23:08 Bow Saw
25:03 Padded Archer Armor
24:53 Fletching
29:59 Imperial Age
27:56 Leather Archer Armor
28:40 Masonry
28:23 Gold Mining
29:09 Bodkin Arrow
29:28 Bloodlines
31:56 Chemistry
31:21 Conscription
37:15 Elite Conquistador
41:32 Bracer
42:04 Ring Archer Armor
42:36 Two-Man Saw
43:55 Ballistics
44:49 Scale Barding Armor
45:06 Forging
45:15 Cavalier
52:40 Wheelbarrow
52:39 Chain Barding Armor
52:55 Iron Casting
52:31 Caravan
Connection lost

Rejoining the realm…

Still unreachable

The connection could not be restored.

Session expired

The server has moved on; the page needs a fresh start.